 Dungeon Crawl Stone Soup version 0.32-a0-938-g40ac7a0f4d (webtiles) character file.

Game seed: 17350417613231123653

35193 javelincjr the Warrior (level 13, -1/138 HPs)
             Began as a Minotaur Berserker on Apr 15, 2024.
             Was a High Priest of Trog.
             Slain by Rupert
             ... wielding a +0 battleaxe of distortion
              (13 damage)
             ... on level 4 of the Lair of Beasts.
             The game lasted 00:46:53 (14311 turns).

javelincjr the Warrior (Minotaur Berserker)        Turns: 14311, Time: 00:46:53

Health: -1/138     AC: 24    Str: 26    XL:     13   Next: 46%
Magic:  12/12      EV: 13    Int:  0    God:    Trog [*****.]
Gold:   916        SH:  5    Dex: 11    Spells: 12/12 levels left

rFire   + . .        z - +10 spear "Gucougg" {elec, rF+ rN+}
rCold   + . .        (no shield)
rNeg    + + .        k - +7 Kryia's mail coat {PotionHeal*2 rC+}
rPois   +            (helmet restricted)
rElec   .            J - +2 cloak
rCorr   +            d - +2 pair of gloves
SInv    .            (no boots)
Will    ++...        S - amulet "Ydwigonk" {Reflect Rampage rPois rCorr Int-4 SH+5} Stlth
                     y - ring of positive energy
HPRegen 1.43/turn    T - ring of flight
MPRegen 0.13/turn

%: reflection, rampage
@: strong-willed, on berserk cooldown, flying, regenerating, slowed, lost
intelligence, studying 2 skills, unable to read, very slow
A: horns 2, retaliatory headbutt
a: Renounce Religion, Berserk, Trog's Hand, Brothers in Arms


You were on level 4 of the Lair of Beasts.
You worshipped Trog.
Trog was extremely pleased with you.
You visited 2 branches of the dungeon, and saw 14 of its levels.
You also visited: Bailey.

You collected 916 gold pieces.

Inventory:

Hand Weapons
 b - a +5 antimagic glaive
 m - a +1 war axe
 t - a +1 sling of electrocution
 w - a +0 flail of protection
 z - the +10 spear "Gucougg" (weapon) {elec, rF+ rN+}
   (You found it on level 5 of the Dungeon)

   rF+:       It protects you from fire.
   rN+:       It protects you from negative energy.
 F - a +2 orcbow of draining
Missiles
 a - 25 javelins
 g - 4 curare-tipped darts
 j - 6 boomerangs
 r - 11 poisoned darts (quivered)
 D - 4 silver javelins
 P - 2 throwing nets
Armour
 d - a +2 pair of gloves (worn)
 k - the +7 Kryia's mail coat (worn) {PotionHeal*2 rC+}
   (You found it on level 2 of the Dungeon)

   PotionHeal*2: Potions heal its wearer twice as much.
   rC+:       It protects you from cold.
 J - a +2 cloak (worn)
Jewellery
 y - a ring of positive energy (left hand)
 S - the amulet "Ydwigonk" (around neck) {Reflect Rampage rPois rCorr Int-4 SH+5}
   (You found it on level 3 of the Lair of Beasts)

   [amulet of reflection]

   Reflect:   It reflects blocked missile attacks.
   Int-4:     It affects your intelligence (-4).
   rPois:     It protects you from poison.
   rCorr:     It protects you from acid and corrosion.
   SH+5:      It affects your SH (+5).
   Rampage:   It bestows one free step when moving towards enemies.
 T - a ring of flight (right hand)
 U - a +6 ring of dexterity
Wands
 p - a wand of quicksilver (8)
 v - a wand of flame (26)
 K - a wand of iceblast (5)
 R - a wand of polymorph (6)
Scrolls
 c - 4 scrolls of teleportation
 e - 6 scrolls of fear
 i - 4 scrolls of blinking
 l - 2 scrolls of noise
 n - 2 scrolls of amnesia
 o - a scroll of fog
 x - 4 scrolls of enchant armour
 B - 3 scrolls of revelation
 I - a scroll of vulnerability
 N - 2 scrolls of immolation {unknown}
 Q - a scroll of poison
Potions
 f - 2 potions of haste
 h - 3 potions of magic
 q - 2 potions of heal wounds
 s - 4 potions of lignification
 u - a potion of invisibility {unknown}
 A - 2 potions of curing {unknown}
 C - 2 potions of ambrosia
 E - 2 potions of attraction {unknown}
 G - 3 potions of resistance
 H - 2 potions of berserk rage {unknown}
 L - 2 potions of enlightenment
 M - a potion of mutation {unknown}
 O - a potion of cancellation {unknown}


   Skills:
 * Level 19.4 Fighting
 - Level 5.4(11.4) Axes
 * Level 15.4(15.7) Polearms
 + Level 14.3 Armour
 + Level 10.3 Dodging


You had 12 spell levels left.
You didn't know any spells.
Your spell library was empty.

Dungeon Overview and Level Annotations

Branches:
Dungeon (10/15)            Temple (0/1) D:6            Lair (4/5) D:10
  Swamp (0/4) Lair:3       Spider (0/4) Lair:2          Orc (0/2) D:9
 Bailey (visited)
  Slime: Lair:4-5

Altars:
Cheibriados
Dithmenos
Fedhas
Gozag
Hepliaklqana
Okawaru
Ru
Trog
Xom

Shops:
D:1 !

Annotations:
Lair:4 Rupert


Innate Abilities, Weirdness & Mutations

You have a pair of horns on your head.
You reflexively headbutt those who attack you in melee.


Message History

You feel yourself slow down. Rupert hits you but does no damage.
Space warps horribly around you!!
Found a blue potion.
Rupert attacks as he pursues you! Rupert hits you but does no damage.
Space warps around you.
Rupert hits you with a +0 battleaxe of distortion.
Space warps around you.
You puncture Rupert! Lightning courses through Rupert!!
Your headbutt misses Rupert.
Rupert is heavily wounded.
Rupert hits you with a +0 battleaxe of distortion!!
Space warps around you.
* * * LOW HITPOINT WARNING * * *
You bump into the rock wall.
You feel less confused. Rupert hits you but does no damage.
Space warps horribly around you!
* * * LOW HITPOINT WARNING * * *
You block Rupert's attack.
Rupert hits you with a +0 battleaxe of distortion!
* * * LOW HITPOINT WARNING * * *
Space warps around you.
* * * LOW HITPOINT WARNING * * *
The +7 Kryia's mail coat enhances the healing.
You feel much better.
Rupert hits you with a +0 battleaxe of distortion.
Rupert hits you but does no damage. Space warps horribly around you!
* * * LOW HITPOINT WARNING * * *
Your skin crawls.
You feel strong-willed.
Rupert hits you with a +0 battleaxe of distortion!!
* * * LOW HITPOINT WARNING * * *
You blink.
Your troll goes berserk!
Your troll completely misses Rupert.
Your troll barely misses Rupert.
Your troll closely misses Rupert.
Your troll barely misses Rupert.
Your troll claws Rupert!! x2
Rupert hits your troll with a +0 battleaxe of distortion!!
Space warps around your troll.
Rupert hits you with a +0 battleaxe of distortion!
You die...
Rupert roars with triumph.

......P.#..# .<
........#..# ...
..#!#......# #..
#.....#.# #.##
#....#### #..# ###
##.#...# #..#.P.#
..##..#...# ........
......T@..#
................@.##
...#.P #.....#....##
####.###.......##..#
.####.##....... #.##
......##.....####..#
..##..#.......##..##
.###..........###.##
..###†#............#
.##.††........######


You could see Rupert (berserk, distracted, ally target) and a friendly troll
(summoned, berserk).

Vanquished Creatures
  Harold (Lair:1)
  A hydra (Lair:3)
  A boulder beetle (Lair:2)
  A catoblepas (Lair:3)
  A two-headed ogre (D:9)
  Nergalle (Lair:1)
  A skyshark (Lair:2)
  An orb spider (Lair:2)
  An obsidian statue (D:10)
  A swamp dragon (Lair:3)
  A meliai (shapeshifter) (D:10)
  7 elephants
  3 black mambas
  7 cane toads
  2 rime drakes
  7 komodo dragons
  2 trolls (D:9)
  3 polar bears
  9 blink frogs
  14 dream sheep
  A vampire (D:9)
  5 wyverns
  4 basilisks
  2 wraiths
  38 yaks
  Eustachio (D:6)
  A steam dragon (D:8)
  An acid dragon (D:10)
  18 water moccasins
  14 orc warriors
  4 black bears
  Duvessa (D:5)
  5 sky beasts
  2 ice beasts
  7 wolves
  13 centaurs
  A phantom (D:5)
  2 kobold brigands
  14 bullfrogs
  5 scorpions
  Dowan (D:5)
  8 killer bees
  2 howler monkeys
  6 hounds
  A jelly (D:6)
  2 bombardier beetles (D:5)
  6 orc priests
  3 iguanas
  2 sleepcaps (D:5)
  6 orc wizards
  A hell rat (D:7)
  A gnoll (D:7)
  8 adders
  7 river rats (D:7)
  3 white imps
  2 ufetubi (D:5)
  2 ribbon worms
  3 dart slugs
  64 orcs
  9 ball pythons
  6 bats
  10 endoplasms
  2 giant cockroaches (D:4)
  2 goblins
  6 hobgoblins
  8 jackals
  13 kobolds
  13 quokkas
  6 frilled lizards
  22 rats
429 creatures vanquished.

Notes
Turn   | Place    | Note
-------+----------+-------------------------------------------
     0 | D:1      | javelincjr the Minotaur Berserker began the quest for the
                  | Orb.
     0 | D:1      | Reached XP level 1. HP: 19/19 MP: 0/0
    79 | D:1      | Reached XP level 2. HP: 27/27 MP: 1/1
   147 | D:1      | Reached skill level 4 in Fighting
   337 | D:1      | Reached ** piety under Trog
   470 | D:1      | Reached XP level 3. HP: 33/34 MP: 2/2
   574 | D:1      | Found Wuteexej's Distillery.
   751 | D:2      | Found a snail-covered altar of Cheibriados.
   943 | D:2      | Found the +7 Kryia's mail coat {PotionHeal*2 rC+}
  1250 | D:2      | Reached XP level 4. HP: 41/41 MP: 3/3
  1534 | D:3      | Reached skill level 5 in Fighting
  2255 | D:4      | Found a bloodstained altar of Trog.
  2255 | D:4      | Noticed a scorpion
  2260 | D:4      | Killed a scorpion
  2261 | D:4      | Reached XP level 5. HP: 50/50 MP: 4/4
  2378 | D:4      | Reached *** piety under Trog
  2779 | D:4      | Reached skill level 6 in Fighting
  2785 | D:4      | Reached skill level 5 in Axes
  2820 | D:4      | Reached XP level 6. HP: 58/58 MP: 5/5
  3256 | D:5      | Entered Level 5 of the Dungeon
  3424 | D:5      | Identified the +10 spear "Gucougg" {elec, rF+ rN+}
  3448 | D:5      | Reached skill level 7 in Fighting
  3448 | D:5      | Reached skill level 1 in Polearms
  3547 | D:5      | Reached XP level 7. HP: 66/66 MP: 6/6
  3561 | D:5      | Reached skill level 5 in Armour
  3823 | D:5      | Noticed Dowan
  3824 | D:5      | Noticed Duvessa
  3831 | D:5      | Killed Duvessa
  3832 | D:5      | Reached skill level 8 in Fighting
  3832 | D:5      | Killed Dowan
  3833 | D:5      | Reached XP level 8. HP: 74/74 MP: 7/7
  4306 | D:6      | Found a staircase to the Ecumenical Temple.
  4503 | D:6      | Reached **** piety under Trog
  4564 | D:6      | Reached skill level 5 in Polearms
  4564 | D:6      | Noticed Eustachio
  4574 | D:6      | Killed Eustachio
  4729 | D:6      | Reached skill level 9 in Fighting
  5079 | D:6      | Found a hazy altar of Hepliaklqana.
  5191 | D:6      | Reached XP level 9. HP: 65/82 MP: 8/8
  5469 | D:7      | Reached skill level 5 in Dodging
  5552 | D:7      | Reached ***** piety under Trog
  5765 | D:7      | Reached skill level 10 in Fighting
  6751 | D:8      | Identified a scroll of acquirement
  6751 | D:8      | Acquired a manual of Fighting
  6787 | D:8      | Found a flagged portal.
  6799 | D:8      | Reached skill level 11 in Fighting
  6829 | D:8      | Reached XP level 10. HP: 86/96 MP: 9/9
  6831 | Bailey   | Entered a bailey
  7179 | Bailey   | Reached skill level 12 in Fighting
  7483 | Bailey   | Reached skill level 13 in Fighting
  7748 | D:8      | Reached skill level 10 in Polearms
  8033 | D:8      | Received a gift from Trog
  8152 | D:9      | Found a staircase to the Orcish Mines.
  8422 | D:9      | Reached skill level 14 in Fighting
  8760 | D:9      | Found a blossoming altar of Fedhas.
  8828 | D:9      | Reached XP level 11. HP: 111/111 MP: 10/10
  9029 | D:9      | Noticed a two-headed ogre
  9039 | D:9      | Killed a two-headed ogre
  9104 | D:10     | Entered Level 10 of the Dungeon
  9118 | D:10     | Noticed an obsidian statue
  9217 | D:10     | Found a staircase to the Lair.
  9245 | D:10     | Reached skill level 15 in Fighting
  9249 | D:10     | Reached skill level 10 in Armour
  9582 | D:10     | Found a shimmering altar of Xom.
  9585 | D:10     | Found a sacrificial altar of Ru.
  9588 | D:10     | Found a shadowy altar of Dithmenos.
  9591 | D:10     | Found an iron altar of Okawaru.
 10032 | D:10     | Killed an obsidian statue
 10033 | D:10     | Reached skill level 16 in Fighting
 10146 | D:10     | Found an opulent altar of Gozag.
 10199 | Lair:1   | Entered Level 1 of the Lair of Beasts
 10307 | Lair:1   | Received a gift from Trog
 10614 | Lair:1   | Noticed Harold
 10622 | Lair:1   | Killed Harold
 10623 | Lair:1   | Reached skill level 17 in Fighting
 10670 | Lair:1   | Reached XP level 12. HP: 125/125 MP: 11/11
 10681 | Lair:1   | Noticed Nergalle
 10698 | Lair:1   | Killed Nergalle
 11306 | Lair:2   | Noticed a boulder beetle
 11329 | Lair:2   | Killed a boulder beetle
 11836 | Lair:2   | Reached skill level 18 in Fighting
 12070 | Lair:2   | Found a hole to the Spider Nest.
 12556 | Lair:3   | Noticed a five-headed hydra
 12571 | Lair:3   | Killed a five-headed hydra
 13275 | Lair:3   | Identified the amulet "Ydwigonk" {Reflect Rampage rPois
                  | rCorr Int-4 SH+5}
 13278 | Lair:3   | Found a staircase to the Swamp.
 13286 | Lair:3   | Reached XP level 13. HP: 136/136 MP: 12/12
 13338 | Lair:3   | Lost intelligence.
 13465 | Lair:3   | Reached skill level 19 in Fighting
 13583 | Lair:3   | Reached skill level 10 in Dodging
 13830 | Lair:4   | Reached skill level 15 in Polearms
 14153 | Lair:4   | Reached ****** piety under Trog
 14291 | Lair:4   | Noticed Rupert
 14293 | Lair:4   | Paralysed by Rupert for 4 turns
 14311 | Lair:4   | Slain by Rupert

Illustrated notes

Levels and vault maps discovered:
D:1:      ebering_hopf_link, layout_loops_cross, serial_shops,
          nicolae_shop_hallway_stairs
D:2:      layout_loops_ring, basic_altar
D:3:      layout_basic, minmay_misc_feat_roman,
          hangedman_abyss_or_decor_lesser_grid, grunt_ministairs_12,
          serial_bayou_lagoon_a
D:4:      layout_loops_corners, mainiacjoe_overflow_small_starburst,
          st_stairs_4, minmay_misc_feat_hallway, kennysheep_generic_room_7
D:5:      layout_basic, serial_bayou_pond_c, chequers_serial_rivers_small_b,
          uniq_duvessa
D:6:      layout_basic, lemuel_tele_altar, minmay_temple_entry_purple_smoke,
          uniq_eustachio
D:7:      lemuel_ratsnest, layout_loops_corners, minmay_manual_mess
D:8:      layout_rooms, enter_bailey_2
D:9:      layout_basic, kennysheep_little_box, david_orc_2
D:10:     layout_loops_ring, lemuel_coloured_pillars_altar,
          grunt_temple_overflow_cloverleaf, due_lair_maze_entry_diamond,
          minivault_16
Lair:1:   layout_regular_city, uniq_nergalle, uniq_harold
Lair:2:   layout_regular_city, nicolae_spider_entry_orb_guardian,
          grunt_megastairs_1, lemuel_fruit_tree
Lair:3:   layout_roguey, mainiacjoe_swamp_entry_lozenge_pond, grunt_megastairs_3
Lair:4:   layout_loops_ring, chequers_serial_rivers_small_a, grunt_megastairs_4,
          uniq_rupert

Skill      XL: |  1  2  3  4  5  6  7  8  9 10 11 12 13 |
---------------+----------------------------------------+-----
Fighting       | 4 5 6 7 8 9 11 14 17 18 19 | 19.4
Axes           | 4 5 |  5.4
Armour         | 3 4 5 6 7 9 11 13 14 | 14.3
Polearms       | 1 4 6 8 10 12 14 15 | 15.4
Dodging        | 3 4 6 7 8 9 10 | 10.3

Action                     |  1- 3 |  4- 6 |  7- 9 | 10-12 | 13-15 || total
---------------------------+-------+-------+-------+-------+-------++-------
  Melee: Hand axe          |    68 |       |       |       |       ||    68
         Headbutt          |    14 |    13 |    34 |    96 |    36 ||   193
         Spear             |    24 |   117 |   274 |   575 |   158 ||  1148
  Throw: Dart              |       |     2 |       |    11 |       ||    13
 Invoke: Berserk           |       |     2 |     2 |     2 |     1 ||     7
         Trog's Hand       |       |       |       |     1 |     1 ||     2
         Brothers in Arms  |       |       |       |       |     1 ||     1
    Use: Scroll            |       |     7 |    11 |     6 |       ||    24
         Potion            |       |       |       |     1 |     1 ||     2
   Stab: Sleeping          |     1 |       |       |       |       ||     1
 Armour: Animal skin       |    45 |       |       |       |       ||    45
         Scale mail        |    13 |    67 |    96 |   261 |   110 ||   547
  Dodge: Dodged            |    30 |    30 |    53 |   194 |    64 ||   371
  Block: Other             |       |       |       |       |    29 ||    29

Table legend: (Time is in decaauts)
 A = Elapsed time spent in this place.
 B = Non-inter-level travel time spent in this place.
 C = Inter-level travel time spent in this place.
 D = Time resting spent in this place.
 E = Time spent auto-exploring this place.
 F = Levels seen in this place.
 G = Mean time per level.
                   A        B        C        D        E       F      G
               +--------+--------+--------+--------+--------+-----+--------+
         Total |  14436 |  13974 |    462 |    313 |  11179 |  15 |  962.4 |
       Dungeon |   9251 |   8886 |    365 |    277 |   7085 |  10 |  925.1 |
          Lair |   4353 |   4256 |     97 |     35 |   3589 |   4 | 1088.2 |
        Bailey |    830 |    830 |      0 |      0 |    505 |   1 |  830.0 |
               +--------+--------+--------+--------+--------+-----+--------+

Top non-repeatable levels by time:
  Lair:3: 1482 daAuts
     D:7: 1197 daAuts
  Lair:2: 1171 daAuts
     D:6: 1156 daAuts
     D:4: 1067 daAuts
     D:5: 1059 daAuts
     D:9: 1013 daAuts
    D:10: 1008 daAuts
  Lair:1: 982 daAuts
  Bailey: 830 daAuts
     D:1: 756 daAuts
     D:2: 730 daAuts
     D:3: 724 daAuts
  Lair:4: 718 daAuts
     D:8: 536 daAuts
